 Dungeon Crawl Stone Soup version 0.17-a0-1798-g879a7aa (webtiles) character file.

1211 shakdrar the Ducker (level 8, -11/62 HPs)
             Began as a Demonspawn Monk on Sept 10, 2015.
             Was a Believer of Dithmenos.
             Killed by divine providence
             ... invoked by an orc priest
              (13 damage)
             ... on level 7 of the Dungeon.
             The game lasted 00:20:53 (4792 turns).

shakdrar the Ducker (Demonspawn Monk)               Turns: 4792, Time: 00:20:54

Health: -11/62     AC: 10    Str: 16    XL:     8   Next: 22%
Magic:  8/8        EV: 16    Int: 13    God:    Dithmenos [**....]
Gold:   214        SH:  0    Dex: 17    Spells: 0 memorised, 7 levels left

rFire  . . .     SeeInvis .       - Unarmed
rCold  . . .     Clarity  .     n - +1 animal skin
rNeg   . . .     SustAt   .     (no shield)
rPois  .         Gourm    .     o - +2 helmet
rElec  .         Spirit   .     (no cloak)
rCorr  .         Warding  .     (no gloves)
rMut   .         Stasis   .     u - +0 pair of boots
MR     .....                    (no amulet)
Stlth  ++++......               (no ring)
                                p - +5 ring of strength

@: very slightly contaminated, wreathed by umbra, not resistant to hostile
enchantments, stealthy
A: claws 2, thin metallic scales 2, foul stench 1, spiny 1, rot immunity
a: Shadow Step, Renounce Religion


You were on level 7 of the Dungeon.
You worshipped Dithmenos.
Dithmenos was pleased with you.
You were not hungry.

You visited 2 branches of the dungeon, and saw 8 of its levels.

You collected 260 gold pieces.
You spent 46 gold pieces at shops.

Inventory:

Hand weapons
 y - the +5 rapier "Piosum" {elec, rPois Dex+3}
   (You found it on level 6 of the Dungeon)

   Occasionally, upon striking a foe, it will discharge some electrical energy
   and cause terrible harm.
   It affects your dexterity (+3).
   It protects you from poison.
Missiles
 d - 25 poisoned needles
 f - 7 needles of confusion
 g - 7 tomahawks of returning (quivered)
 r - 6 curare-tipped needles
Armour
 a - a +0 robe
 n - a +1 animal skin (worn)
 o - a +2 helmet (worn)
 u - a +0 pair of boots (worn)
Jewellery
 p - a +5 ring of strength (left claw)
Scrolls
 h - 4 scrolls of identify
 j - a scroll of recharging
 l - a scroll of enchant armour
 m - a scroll of remove curse
 q - a scroll of enchant weapon
 t - 2 scrolls of fog
 A - a scroll of magic mapping
Potions
 c - 2 potions of flight
 e - a potion of brilliance
Books
 v - a book of Spatial Translocations

   Spells                             Type                      Level
   a - Apportation                    Translocation                1
   b - Blink                          Translocation                2
   c - Shroud of Golubria             Charms/Translocation         2
   d - Portal Projectile              Translocation                3
   e - Teleport Other                 Translocation                3
   f - Passage of Golubria            Translocation                4
 x - a book of Battle

   Spells                             Type                      Level
   a - Infusion                       Charms                       1
   b - Shroud of Golubria             Charms/Translocation         2
   c - Song of Slaying                Charms                       2
   d - Spectral Weapon                Hexes/Charms                 3
   e - Regeneration                   Charms/Necromancy            3
Comestibles
 b - 3 bread rations
 z - a meat ration


   Skills:
 + Level 5.0 Fighting
 * Level 6.3 Dodging
 + Level 4.7 Stealth
 + Level 5.5 Unarmed Combat


You had 7 spell levels left.
You didn't know any spells.

Dungeon Overview and Level Annotations

Branches:
Dungeon (7/15)             Temple (1/1) D:5

Altars:
Cheibriados
Dithmenos
Fedhas
Gozag
Kikubaaqudgha
Makhleb
Nemelex Xobeh
Okawaru
Qazlal
Ru
Sif Muna
Vehumet

Shops:
D:4 *   D:5 (

Annotations:
D:5 Dowan, Duvessa


Innate Abilities, Weirdness & Mutations

You have very sharp fingernails.
You are mostly covered in thin metallic scales (AC +3).
You may emit foul miasma when damaged in melee.
You are partially covered in sharp spines.
You are immune to rotting.


Message History

The orc priest miscasts a cantrip.
The orc is struck by your spines. The orc misses you.
There is an open door, spattered with blood here.
The orc priest looks braver for a moment.
The giant frog skeleton hits you but does no damage.
Drink which item? (? for menu, Esc to quit)
Okay, then.
You scratch the orc priest.
The orc priest is moderately wounded.
The orc priest hits you with a hand axe.
* * * LOW HITPOINT WARNING * * *
The orc priest looks sick.
The giant frog skeleton barely misses you.
You scratch the orc priest but do no damage.
The orc priest is moderately wounded.
The giant frog skeleton is struck by your spines.
The giant frog skeleton closely misses you.
The orc priest invokes the aid of Beogh against you.
Something smites you!
You die...

#########
#.......#
#.......#
#.......#
#.......#
###.[.#####.###
#.'..oZ@ooo...#
#.#..o#####.#..
#.#.....#
#.#...#.#
#.#...#.###
#.........#.#
###(#......Z#
#....<#+####
#...(........


You could see an orc warrior, 2 orc priests, 2 orcs and a giant frog skeleton.

Vanquished Creatures
  An ice beast (D:5)
  A water moccasin (D:4)
  A centaur (D:5)
  A giant frog (D:6)
  A wyvern skeleton (D:5)
  3 killer bees (D:6)
  A scorpion (D:5)
  2 crimson imps (D:5)
  A hound (D:4)
  A jelly (D:6)
  A centaur skeleton (D:4)
  3 orc priests
  An orc wizard (D:3)
  2 worker ants
  Robin (D:3)
  11 adders
  3 gnolls (D:2)
  A shadow imp (D:5)
  2 oozes
  2 worms
  An adder skeleton (D:4)
  An adder zombie (D:6)
  4 giant geckos
  16 orcs
  10 bats
  4 giant cockroaches
  14 goblins
  13 hobgoblins
  9 jackals
  5 quokkas
  2 ball pythons
  2 giant newts
  7 kobolds
  A quokka skeleton (D:4)
  8 rats
137 creatures vanquished.

Notes
Turn   | Place    | Note
--------------------------------------------------------------
     0 | D:1      | shakdrar the Demonspawn Monk began the quest for the Orb.
     0 | D:1      | Reached XP level 1. HP: 18/18 MP: 1/1
   117 | D:1      | Gained mutation: You are partially covered in thin metallic scales (AC +2). [demonic ancestry]
   117 | D:1      | Reached XP level 2. HP: 21/24 MP: 2/2
   287 | D:1      | Found a snail-covered altar of Cheibriados.
   308 | D:1      | Gained mutation: You are partially covered in sharp spines. [demonic ancestry]
   308 | D:1      | Reached XP level 3. HP: 25/29 MP: 3/3
   445 | D:2      | Reached skill level 4 in Unarmed Combat
   686 | D:2      | Found a sparkling altar of Nemelex Xobeh.
   834 | D:2      | Gained mutation: You are immune to rotting. [demonic ancestry]
   834 | D:2      | Reached XP level 4. HP: 27/35 MP: 4/4
  1510 | D:3      | Noticed Robin
  1516 | D:3      | Gained mutation: You have sharp fingernails. [demonic ancestry]
  1516 | D:3      | Reached XP level 5. HP: 41/41 MP: 5/5
  1536 | D:3      | Killed Robin
  2646 | D:4      | Gained mutation: You may emit foul miasma when damaged in melee. [demonic ancestry]
  2646 | D:4      | Reached XP level 6. HP: 44/48 MP: 6/6
  3120 | D:4      | Found Qowayre's Serpentskin Sales.
  3120 | D:4      | Noticed a water moccasin
  3156 | D:4      | Killed a water moccasin
  3156 | D:4      | Reached skill level 5 in Dodging
  3159 | D:4      | Bought a potion of poison for 10 gold pieces
  3159 | D:4      | Bought 6 curare-tipped needles for 36 gold pieces
  3259 | D:4      | Gained mutation: You have very sharp fingernails. [demonic ancestry]
  3259 | D:4      | Reached XP level 7. HP: 54/54 MP: 7/7
  3556 | D:5      | Entered Level 5 of the Dungeon
  3566 | D:5      | Reached skill level 5 in Unarmed Combat
  3585 | D:5      | Found Piypt's Weapon Boutique.
  3724 | D:5      | Found a staircase to the Ecumenical Temple.
  3746 | Temple   | Entered the Ecumenical Temple
  3797 | Temple   | Became a worshipper of Dithmenos the Shadowed
  3797 | Temple   | Acquired Dithmenos's first power
  3825 | D:5      | Noticed Dowan
  3988 | D:5      | Noticed Duvessa
  4085 | D:6      | Reached skill level 6 in Dodging
  4173 | D:6      | Gained mutation: You are mostly covered in thin metallic scales (AC +3). [demonic ancestry]
  4173 | D:6      | Reached XP level 8. HP: 57/61 MP: 8/8
  4382 | D:6      | Reached skill level 5 in Fighting
  4484 | D:6      | Got a jewelled rapier
  4490 | D:6      | Identified the +5 rapier "Piosum" {elec, rPois Dex+3} (You found it on level 6 of the Dungeon)
  4791 | D:7      | HP: 1/62 [orc priest/hand axe (3)]
  4792 | D:7      | Killed from afar by an orc priest

Vault maps used:
D:1:      lemuel_arrival_behind_the_door_small, cheibriados_altar_1
D:2:      minmay_door_path, nemelex_xobeh_ov_fountains_minmay
D:3:      first_bread, minmay_misc_feat_hallway, uniq_robin
D:4:      hangedman_abyss_or_decor_slice, guppyfry_shop_venom
D:5:      minmay_temple_entry_large_hall, serial_shops, nicolae_shop_crystal,
          uniq_duvessa
Temple:   temple_eino_lava_12

Action                   |  1- 3 |  4- 6 |  7- 9 || total
-------------------------+-------+-------+-------++-------
Melee: Unarmed           |   122 |   138 |    69 ||   329
  Use: Potion            |     2 |     5 |     2 ||     9
       Scroll            |     6 |     3 |     6 ||    15
 Stab: Sleeping          |     5 |     8 |     6 ||    19
       Distracted        |     1 |       |     1 ||     2
  Eat: Meat ration       |       |     2 |       ||     2
       Pizza             |       |     1 |     1 ||     2
       Fruit             |       |       |     4 ||     4
